 Dungeon Crawl Stone Soup version 0.30-b1-5-g8e6c1be481 (webtiles) character file.

Game seed: 2221267974237462319

14919 Silvore the Carver (level 11, -1/101 HPs)
             Began as a Minotaur Fighter on May 3, 2023.
             Was an Elder of Okawaru.
             Slain by a catoblepas (6 damage)
             ... while petrified by a catoblepas
             ... on level 1 of the Lair of Beasts on May 4, 2023.
             The game lasted 00:16:40 (9588 turns).

Silvore the Carver (Minotaur Fighter)               Turns: 9588, Time: 00:16:40

Health: -1/101     AC: 18    Str: 25    XL:     11   Next: 95%
Magic:  0/10       EV:  2    Int:  5    God:    Okawaru [****..]
Gold:   671        SH:  0    Dex: 10    Spells: 10/10 levels left

rFire   . . .        a - +0 long sword (elec)
rCold   . . .        c - +0 buckler
rNeg    + + +        l - +1 plate armour
rPois   ∞            (helmet restricted)
rElec   .            u - scarf {+Inv}
rCorr   .            (no gloves)
SInv    +            k - +0 pair of boots
Will    .....        j - amulet of guardian spirit Stlth
                     t - ring of see invisible
HPRegen 0.36/turn    E - ring of poison resistance
MPRegen 0.12/turn

%: guardian spirit
@: petrified, studying Long Blades
A: horns 2, retaliatory headbutt
a: Renounce Religion, Evoke Invisibility, Heroism, Finesse


You were on level 1 of the Lair of Beasts.
You worshipped Okawaru.
Okawaru was greatly pleased with you.
You visited 3 branches of the dungeon, and saw 11 of its levels.
You also visited: Ossuary and Bailey.

You collected 775 gold pieces.
You spent 104 gold pieces at shops.

Inventory:

Hand Weapons
 a - a +0 long sword of electrocution (weapon)
Missiles
 A - a throwing net (quivered)
Armour
 b - a +0 scale mail
 c - a +0 buckler (worn)
 k - a +0 pair of boots (worn)
 l - a +1 plate armour (worn)
 u - a scarf of invisibility (worn)
Jewellery
 j - an amulet of guardian spirit (around neck)
 t - a ring of see invisible (left hand)
 D - a +6 ring of dexterity
 E - a ring of poison resistance (right hand)
 I - a ring of fire
 J - a ring of positive energy
 M - an amulet of magic regeneration
Wands
 f - a wand of acid (13)
 h - a wand of paralysis (25)
 B - a wand of flame (19)
 C - a wand of iceblast (18)
Scrolls
 i - 2 scrolls of teleportation
 o - a scroll of brand weapon
 y - 2 scrolls of enchant armour
 H - 6 scrolls of identify
 L - a scroll of amnesia
Potions
 d - 8 potions of might
 e - 3 potions of flight
 g - 2 potions of resistance
 m - 4 potions of curing
 p - 3 potions of degeneration
 q - a potion of ambrosia
 r - 4 potions of haste
 s - a potion of brilliance
 v - a potion of invisibility
 w - a potion of berserk rage
 x - 2 potions of attraction
 z - 2 potions of mutation
 F - a potion of cancellation
 G - 2 potions of lignification


   Skills:
 + Level 10.7 Fighting
 + Level 4.7(9.9) Short Blades
 + Level 14.5(14.8) Long Blades
 + Level 12.1 Armour
 + Level 5.4 Dodging
 + Level 1.5 Stealth
 + Level 9.1 Shields
 + Level 1.6 Unarmed Combat
 + Level 0.1 Invocations


You had 10 spell levels left.
You didn't know any spells.
Your spell library contained the following spells:

 Spells                   Type           Power      Damage    Failure   Level
 Slow                     Hex            0%         N/A       99%         1
 Ensorcelled Hibernation  Hex/Ice        0%         N/A       100%        2
 Lesser Beckoning         Tloc           0%         N/A       100%        2
 Confusing Touch          Hex            0%         N/A       100%        3
 Gell's Gravitas          Tloc           0%         N/A       100%        3
 Spider Form              Tmut/Pois      0%         N/A       100%        3
 Teleport Other           Tloc           0%         N/A       100%        3
 Vampiric Draining        Necr           0%         2d6       100%        3
 Anguish                  Hex/Necr       0%         N/A       100%        4


Dungeon Overview and Level Annotations

Branches:
Dungeon (9/15)             Temple (1/1) D:7            Lair (1/5) D:9
Ossuary (visited)          Bailey (visited)
    Orc: D:9-12

Altars:
Ashenzari
Cheibriados
Elyvilon
Fedhas
Gozag
Hepliaklqana
Kikubaaqudgha
Makhleb
Nemelex Xobeh
Okawaru
Qazlal
Ru
Sif Muna
Trog
Uskayaw
Vehumet
Wu Jian
Xom
Yredelemnul
Zin
The Shining One

Shops:
D:8 ?


Innate Abilities, Weirdness & Mutations

You have a pair of horns on your head.
You reflexively headbutt those who attack you in melee.


Message History

You hit the catoblepas but do no damage.
You headbutt the catoblepas, but do no damage.
The catoblepas is severely wounded.
You are engulfed in calcifying dust.
You are slowing down.
You block the catoblepas's attack.
You hit the catoblepas but do no damage.
You headbutt the catoblepas!
The catoblepas is severely wounded.
You are engulfed in calcifying dust.
You block the catoblepas's attack.
Your limbs are stiffening.
You hit the catoblepas but do no damage.
The catoblepas is severely wounded.
You are engulfed in calcifying dust.
The catoblepas gores you!!
* * * LOW HITPOINT WARNING * * *
Unknown command.
Unknown command.
You fail to use your ability.
You are engulfed in calcifying dust.
Your limbs have turned to stone.
You start to feel less resistant.
The catoblepas breathes a plume of calcifying dust at you.
The blast of calcifying dust hits you but does no damage.
You have turned to stone.
The catoblepas breathes a plume of calcifying dust at you.
The blast of calcifying dust hits you but does no damage.
You are engulfed in calcifying dust.
The catoblepas gores you!!
* * * LOW HITPOINT WARNING * * *
You are engulfed in calcifying dust.
The catoblepas gores you!
* * * LOW HITPOINT WARNING * * *
You are engulfed in calcifying dust.
The catoblepas gores you!
* * * LOW HITPOINT WARNING * * *
The catoblepas gores you.
* * * LOW HITPOINT WARNING * * *
Your resistance to elements expires.
The catoblepas gores you!
* * * LOW HITPOINT WARNING * * *
The catoblepas gores you.
* * * LOW HITPOINT WARNING * * *
The catoblepas gores you!
You die...

##.....# ##.....§#(...#
#......# #......§....#.#
#......# #.##........###
.......## ##$###.#......#
........# #.## ####....##
.......## ###.# ###.....#
.......### #.l.# #P......#
........P# ##Y.# ##......##
.........# #@.## ##.......#
#........# #..# #........##
#.......## ##.## #.........#
#.#.....# #..# .........##
####....# ###..# ##.........##
#....#####...### #...........#
##.............###..........##
#.##.#...#...###...........#
#..###########..#...........#


You could see a catoblepas and a basilisk.

Vanquished Creatures
  An orc warlord (Bailey)
  A two-headed ogre (D:8)
  3 death yaks (D:9)
  A gargoyle (D:9)
  A cane toad (Lair:1)
  Psyche (D:8)
  Grinder (D:4)
  Sigmund (D:2)
  2 wyverns
  6 yaks (D:9)
  5 water moccasins
  A sky beast (D:7)
  12 orc warriors
  An ogre (D:7)
  A black bear (D:5)
  2 centaurs
  A kobold brigand (D:9)
  2 phantoms (D:5)
  4 bullfrogs
  A scorpion (D:5)
  A gnoll sergeant (D:9)
  4 water moccasin zombies (Ossuary)
  13 wights
  2 hounds
  2 sleepcaps
  4 orc priests
  A gnoll bouda (D:7)
  Ijyb (D:3)
  10 orc wizards
  A hell rat (D:9)
  2 mummies (Ossuary)
  Robin (D:3)
  13 gnolls
  9 adders
  A worm zombie (D:5)
  4 adder zombies (Ossuary)
  A worm (D:4)
  3 dart slugs
  32 orcs
  2 ball pythons
  7 bats
  2 endoplasms
  5 giant cockroaches
  4 gnoll zombies (Ossuary)
  41 goblins
  15 hobgoblins
  4 jackals (D:4)
  21 kobolds
  8 quokkas
  4 frilled lizards
  3 hobgoblin zombies (Ossuary)
  4 kobold zombies (Ossuary)
  7 orc zombies (Ossuary)
  5 rats
285 creatures vanquished.

Vanquished Creatures (others)
  A fungus (Lair:1)
1 creature vanquished.

Grand Total: 286 creatures vanquished

Notes
Turn   | Place    | Note
-------+----------+-------------------------------------------
     0 | D:1      | Silvore the Minotaur Fighter began the quest for the Orb.
     0 | D:1      | Reached XP level 1. HP: 19/19 MP: 0/0
    89 | D:1      | Reached XP level 2. HP: 27/27 MP: 1/1
   414 | D:1      | Reached XP level 3. HP: 33/33 MP: 2/2
   566 | D:2      | Noticed Sigmund
   570 | D:2      | Reached skill level 3 in Long Blades
   576 | D:2      | Killed Sigmund
   577 | D:2      | Reached skill level 4 in Long Blades
   577 | D:2      | Reached skill level 1 in Dodging
   577 | D:2      | Reached XP level 4. HP: 26/41 MP: 3/3
   577 | D:2      | Reached XP level 5. HP: 30/47 MP: 4/4
   950 | D:2      | Reached skill level 5 in Long Blades
  1288 | D:3      | Noticed Robin
  1305 | D:3      | Killed Robin
  1392 | D:3      | Noticed Ijyb
  1399 | D:3      | Killed Ijyb
  1400 | D:3      | Reached XP level 6. HP: 46/55 MP: 5/5
  1956 | D:4      | Reached skill level 5 in Armour
  2122 | D:4      | Noticed Grinder
  2136 | D:4      | Killed Grinder
  2137 | D:4      | Reached skill level 5 in Fighting
  2137 | D:4      | Reached skill level 6 in Long Blades
  2137 | D:4      | Reached XP level 7. HP: 24/61 MP: 6/6
  2688 | D:5      | Entered Level 5 of the Dungeon
  2700 | D:5      | Reached skill level 7 in Long Blades
  2738 | D:5      | Found a sand-covered staircase.
  2752 | Ossuary  | Entered an ossuary
  2880 | Ossuary  | Reached skill level 5 in Shields
  2961 | Ossuary  | Reached XP level 8. HP: 49/70 MP: 7/7
  3271 | D:5      | Reached skill level 8 in Long Blades
  3455 | D:5      | Identified the +12 mace of the Oily God {protect, rPois
                  | Int+3 Stlth-}
  3805 | D:5      | Reached skill level 9 in Long Blades
  4413 | D:6      | Reached XP level 9. HP: 75/79 MP: 6/8
  4751 | D:7      | Reached skill level 10 in Long Blades
  5083 | D:7      | Reached skill level 1 in Stealth
  5428 | D:7      | Reached skill level 11 in Long Blades
  5431 | D:7      | Found a staircase to the Ecumenical Temple.
  5442 | Temple   | Entered the Ecumenical Temple
  5695 | Temple   | Became a worshipper of Warmaster Okawaru
  5922 | D:7      | Found a blossoming altar of Fedhas.
  5952 | D:7      | Found a sacrificial altar of Ru.
  6004 | D:8      | Found a flagged portal.
  6027 | Bailey   | Entered a bailey
  6245 | Bailey   | Reached * piety under Okawaru
  6374 | Bailey   | Reached XP level 10. HP: 70/88 MP: 6/9
  6435 | Bailey   | Noticed an orc warlord
  6457 | Bailey   | Killed an orc warlord
  6458 | Bailey   | Reached skill level 10 in Armour
  6459 | Bailey   | Reached ** piety under Okawaru
  6494 | Bailey   | Reached skill level 10 in Fighting
  6494 | Bailey   | Reached skill level 5 in Dodging
  6494 | Bailey   | Reached XP level 11. HP: 90/100 MP: 7/10
  6601 | D:8      | Reached skill level 12 in Long Blades
  6728 | D:8      | Found Qoat's Magic Scroll Boutique.
  6752 | D:8      | Noticed a two-headed ogre
  6762 | D:8      | Killed a two-headed ogre
  6970 | D:8      | Noticed Psyche
  7024 | D:8      | Killed Psyche
  7024 | D:8      | Reached *** piety under Okawaru
  7025 | D:8      | Reached skill level 13 in Long Blades
  7037 | D:8      | Bought a scroll of identify for 26 gold pieces
  7037 | D:8      | Bought a scroll of identify for 26 gold pieces
  7037 | D:8      | Bought a scroll of identify for 26 gold pieces
  7037 | D:8      | Bought a scroll of identify for 26 gold pieces
  7653 | D:9      | Reached skill level 1 in Unarmed Combat
  7783 | D:9      | Noticed a death yak
  7784 | D:9      | Noticed a death yak
  7787 | D:9      | Noticed a death yak
  7800 | D:9      | Killed a death yak
  7809 | D:9      | Killed a death yak
  7809 | D:9      | Reached **** piety under Okawaru
  7816 | D:9      | Reached skill level 14 in Long Blades
  7822 | D:9      | Killed a death yak
  7882 | D:9      | Found a staircase to the Lair.
  8538 | D:9      | Identified the +0 robe "Gojoicel" {Slay+3}
  9325 | Lair:1   | Entered Level 1 of the Lair of Beasts
  9333 | Lair:1   | Identified the +0 helmet of the Great Game {rC- rN++ Will+
                  | Int+3}
  9514 | Lair:1   | Noticed a catoblepas
  9586 | Lair:1   | HP: 5/101 [catoblepas (8)]
  9588 | Lair:1   | Slain by a catoblepas

Illustrated notes

Levels and vault maps discovered:
D:1:      ncdulo_lavacross, layout_rooms
D:2:      layout_loops_cross, uniq_sigmund
D:3:      layout_loops_ring, uniq_robin, uniq_ijyb
D:4:      layout_basic, kennysheep_decorative_pillar, uniq_grinder
D:5:      layout_basic, enter_ossuary_3
D:6:      layout_cave_pools
D:7:      layout_gridville, mainiacjoe_overflow_two_lobes,
          minmay_temple_entry_stoned_glass
D:8:      layout_layer_cave, serial_shops, shop, enter_bailey_3, uniq_psyche
D:9:      layout_stronghold, dpeg_lair_monsters
Temple:   mainiacjoe_temple_big_plus
Lair:1:   layout_cave_pods, infiniplex_staircase_pool

Skill      XL: |  1  2  3  4  5  6  7  8  9 10 11 |
---------------+----------------------------------+-----
Armour         | 4 5 6 7 9 11 12 | 12.1
Fighting       | 4 5 7 8 10 | 10.7
Long Blades    | 4 5 6 7 9 11 14 | 14.5
Dodging        | 1 5 |  5.4
Shields        | 4 5 6 7 9 |  9.1
Stealth        | 1 |  1.5
Short Blades   | 4 |  4.7
Unarmed Combat | 1 |  1.6
Invocations    | |  0.1

Action                     |  1- 3 |  4- 6 |  7- 9 | 10-12 || total
---------------------------+-------+-------+-------+-------++-------
  Melee: Long sword        |    65 |   115 |   431 |   216 ||   827
         Headbutt          |     7 |     9 |    81 |    45 ||   142
         Unarmed           |       |       |       |     6 ||     6
 Invoke: Heroism           |       |       |       |     1 ||     1
    Use: Scroll            |     7 |     1 |    11 |     5 ||    24
         Potion            |       |     1 |     3 |    10 ||    14
 Armour: Scale mail        |    28 |       |       |       ||    28
         Plate armour      |    20 |    76 |   220 |   107 ||   423
  Dodge: Dodged            |    35 |    37 |   141 |    61 ||   274
  Block: Buckler           |    12 |    27 |    87 |    59 ||   185
